 Dungeon Crawl Stone Soup version 0.20-a0-850-ge5a7832 (webtiles) character file.

139 qpzil the Chopper (level 5, 0/41 HPs)
             Began as a Demonspawn Gladiator on Mar 10, 2017.
             Succumbed to an adder's poison
             ... on level 4 of the Dungeon.
             The game lasted 00:05:56 (2866 turns).

qpzil the Chopper (Demonspawn Gladiator)            Turns: 2866, Time: 00:05:57

Health: 0/41       AC:  4    Str: 15    XL:     5   Next: 1%
Magic:  5/5        EV:  9    Int: 10    God:
Gold:   145        SH:  7    Dex: 14    Spells: 4/4 levels left

rFire    . . .     SeeInvis .   s - +1 mace (crush)
rCold    . . .     Gourm    .   b - +0 leather armour
rNeg     . . .     Faith    .   c - +0 shield
rPois    .         Spirit   .   (helmet restricted)
rElec    .         Reflect  .   (no cloak)
rCorr    .         Harm     .   (no gloves)
MR       .....                  (no boots)
Stlth    +.........             (no amulet)
Regen    0.2/turn               (no ring)
MPRegen  0.1/turn               (no ring)

@: lethally poisoned (0 -> -4)
A: horns 2, rugged brown scales 1
a: no special abilities


You were on level 4 of the Dungeon.
You were hungry.

You visited 1 branch of the dungeon, and saw 4 of its levels.

You collected 145 gold pieces.

Inventory:

Hand Weapons
 a - a +0 war axe
 q - a +0 shortbow
 s - a +1 mace of crushing (weapon)
Missiles
 d - 3 throwing nets (quivered)
 r - 80 arrows
Armour
 b - a +0 leather armour (worn)
 c - a +0 shield (worn)
Jewellery
 v - an uncursed ring of stealth {unknown}
Wands
 e - a wand of polymorph (13/24)
Scrolls
 h - 3 scrolls of identify
 i - a scroll of recharging {unknown}
 k - 2 scrolls of teleportation {unknown}
 l - 2 scrolls of enchant weapon {unknown}
 m - a scroll of amnesia {unknown}
 p - a scroll of remove curse
 u - a scroll of enchant armour {unknown}
Potions
 g - a potion of ambrosia {unknown}
 j - a potion of haste {unknown}
Comestibles
 f - 2 bread rations
 n - a meat ration
 o - a royal jelly
 t - 2 fruits


   Skills:
 + Level 2.8 Fighting
 - Level 4.1(4.2) Axes
 * Level 1.0(2.8) Maces & Flails
 - Level 1.7 Throwing
 + Level 1.6 Armour
 - Level 2.6 Dodging


You had 4 spell levels left.
You didn't know any spells.

Dungeon Overview and Level Annotations

Branches:
Dungeon (4/15)
 Temple: D:4-7

Altars:
Dithmenos


Innate Abilities, Weirdness & Mutations

You have a pair of horns on your head.
You are partially covered in rugged brown scales. (AC +1, +3% HP)


Message History

The adder bites you but does no damage. The adder bites you.
You barely miss the adder. Your headbutt misses the adder.
The adder is severely wounded.
The adder bites you.
* * * LOW HITPOINT WARNING * * *
The adder bites you.
* * * LOW HITPOINT WARNING * * *
You are more poisoned.
The adder poisons you!
* * * LOW HITPOINT WARNING * * *
You feel sick.
You are feeling hungry.
* * * LOW HITPOINT WARNING * * *
You feel sick. The adder bites you.
* * * LOW HITPOINT WARNING * * *
* * * LOW HITPOINT WARNING * * *
You feel sick.
You closely miss the adder. Your headbutt misses the adder.
The adder is severely wounded.
You die...

#. ................ #.
#............... #.##
##..............
#..###.######...#.##.
#...#.# #........
#.#####O.# #...####)
#........# #...#
#######S## ##...###
##@##### #......#
#.######......# #....#.##
#.........###.# #.#.....#
########.####.###.####..#
#.##.............#
#.##.#.##........##
#.##.#.##.##....... #...
...#.##..#.###
#.##.##.#.......#


You could see an ogre and an adder.

Vanquished Creatures
  5 adders
  An ooze (D:3)
  A worm (D:3)
  2 dart slugs (D:2)
  2 leopard geckos
  12 orcs
  2 giant cockroaches
  5 goblins
  6 hobgoblins
  9 jackals
  A quokka (D:3)
  2 ball pythons (D:3)
  3 bats
  5 frilled lizards
  6 kobolds
  A leopard gecko skeleton (D:4)
  6 rats
69 creatures vanquished.

Vanquished Creatures (others)
  4 toadstools (D:1)
4 creatures vanquished.

Grand Total: 73 creatures vanquished

Notes
Turn   | Place    | Note
-------+----------+-------------------------------------------
     0 | D:1      | qpzil the Demonspawn Gladiator began the quest for the Orb.
     0 | D:1      | Reached XP level 1. HP: 16/16 MP: 1/1
    77 | D:1      | Reached skill level 3 in Axes
   225 | D:1      | Gained mutation: You have a pair of small horns on your head. [demonic ancestry]
   225 | D:1      | Reached XP level 2. HP: 17/22 MP: 2/2
   648 | D:2      | Gained mutation: You have a pair of horns on your head. [demonic ancestry]
   648 | D:2      | Reached XP level 3. HP: 15/27 MP: 3/3
  1050 | D:2      | Reached skill level 1 in Armour
  1256 | D:2      | Reached XP level 4. HP: 13/34 MP: 4/4
  1275 | D:2      | Reached skill level 4 in Axes
  1921 | D:3      | Found a shadowy altar of Dithmenos.
  2598 | D:3      | Reached skill level 1 in Maces & Flails
  2780 | D:4      | Gained mutation: You are partially covered in rugged brown scales. (AC +1, +3% HP) [demonic ancestry]
  2780 | D:4      | Reached XP level 5. HP: 19/41 MP: 5/5
  2855 | D:4      | Noticed an ogre
  2863 | D:4      | HP: 2/41 [adder (4)]
  2866 | D:4      | Succumbed to an adder's poison

Vault maps used:
D:1:      ldierk_walled_garden_2
D:3:      nicolae_dithmenos_shadow_blocks, feat_on_display
D:4:      first_bread

Skill      XL: |  1  2  3  4 |
---------------+-------------+-----
Axes           | 3 4 |  4.1
Armour         | 1 |  1.6
Maces & Flails | 1 |  1.0
Fighting       | |  2.8
Throwing       | |  1.7
Dodging        | |  2.6

Action                   |  1- 3 |  4- 6 || total
-------------------------+-------+-------++-------
Melee: War axe           |    80 |    38 ||   118
       Headbutt          |     5 |    18 ||    23
       Mace              |       |    78 ||    78
  Use: Scroll            |     2 |     1 ||     3
       Potion            |       |     1 ||     1
 Stab: Sleeping          |       |     2 ||     2
  Eat: Chunk             |     1 |     5 ||     6
Armor: Leather armour    |    17 |    24 ||    41
Dodge: Dodged            |    38 |    59 ||    97
Block: Shield            |    12 |    57 ||    69
